 Dungeon Crawl Stone Soup version 0.29-a0-575-g0dc89cf053 (webtiles) character file.

Game seed: 5541540436500056126

27 xian the Sneak (level 2, 0/20 HPs)
             Began as a Draconian Enchanter on June 12, 2022.
             Slain by Natasha (6 damage)
             ... on level 2 of the Dungeon.
             The game lasted 00:02:24 (1069 turns).

xian the Sneak (Draconian Enchanter)                Turns: 1069, Time: 00:02:25

Health: 0/20       AC:  4    Str: 10    XL:     2   Next: 93%
Magic:  5/5        EV: 12    Int: 15    God:
Gold:   34         SH:  0    Dex: 11    Spells: 3/5 levels left

rFire   . . .      SeeInvis .   a - +1 dagger
rCold   . . .      Faith    .   d - orb {light}
rNeg    . . .      Spirit   .   (body armour unavailable)
rPois   .          Reflect  .   (helmet restricted)
rElec   .          Harm     .   (no cloak)
rCorr   .          Rampage  .   (no gloves)
Will    .....                   (no boots)
Stlth   +.........              (no amulet)
HPRegen 0.06/turn               (no ring)
MPRegen 0.09/turn               (no ring)

@: glowing
A: AC +4, unfitting armour, cold-blooded
a: no special abilities


You were on level 2 of the Dungeon.
You visited 1 branch of the dungeon, and saw 2 of its levels.

You collected 34 gold pieces.

Inventory:

Hand Weapons
 a - a +1 dagger (weapon)
Missiles
 c - 6 poisoned darts
 e - 2 javelins (quivered)
Armour
 d - an orb of light (worn)
 g - an orb of mayhem
Scrolls
 f - a scroll of identify
 h - a scroll of magic mapping
 i - a scroll of teleportation {unknown}
Potions
 b - 2 potions of invisibility


   Skills:
 + Level 1.2 Short Blades
 + Level 2.1 Dodging
 + Level 3.3 Stealth
 + Level 2.0 Spellcasting
 + Level 3.0 Hexes


You had 3 spell levels left.
You knew the following spells:

 Your Spells              Type           Power      Damage    Failure   Level
a - Ensorcelled Hibernat  Hex/Ice        12%        N/A       19%         2

Your spell library contained the following spells:

 Spells                   Type           Power      Damage    Failure   Level
 Confusing Touch          Hex            10%        N/A       19%         3
 Tukima's Dance           Hex            10%        N/A       19%         3
 Dazzling Flash           Conj/Hex       12%        N/A       34%         3
 Alistair's Intoxication  Tmut/Pois      0%         N/A       99%         5
 Borgnjor's Vile Clutch   Necr/Erth      0%         N/A       99%         5
 Eringya's Noxious Bog    Tmut/Pois      0%         N/A       100%        6


Dungeon Overview and Level Annotations

Branches:
Dungeon (2/15)

Altars:

Annotations:
D:2 Natasha


Innate Abilities, Weirdness & Mutations

Your plain brown scales are hard. (AC +4)
You cannot fit into any form of body armour.
You are cold-blooded and may be slowed by cold attacks.


Message History

You hit the bat.
The bat is moderately wounded.
The bat closely misses you. The bat barely misses you. The bat misses you.
You hit the bat but do no damage. The bat misses you.
You barely miss the bat. The bat barely misses you.
The bat hits you but does no damage.
There is a stone staircase leading up here.
The bat completely misses you.
You hit the bat.
The bat is heavily wounded.
The bat completely misses you.
You hit the bat.
You kill the bat!
You see here a +0 scale mail.
Found a stone staircase leading up.
Natasha and a kobold come into view.
Found a robe.
Natasha hisses angrily.
The kobold shouts!
Natasha casts a spell.
You hit the kobold but do no damage. The kobold hits you with a +0 dagger.
You hit the kobold but do no damage. The kobold hits you but does no damage.
You hit the kobold.
Your tail-slap misses the kobold.
The kobold is moderately wounded.
The kobold barely misses you.
You hit the kobold but do no damage. You tail-slap the kobold.
You kill the kobold!
Natasha claws you.
Things that are here:
a +0 dagger; a kobold corpse An endoplasm comes into view.
Natasha claws you!
* * * LOW HITPOINT WARNING * * *
You barely miss Natasha.
The endoplasm quivers.
You tail-slap Natasha, but do no damage.
Natasha misses you.
You barely miss Natasha. Natasha claws you.
You die...

#.# #.# #.# #.# #.
#.# #. #####.###.
#...[....#
###########........#
#<.@)..............#
###h#######........#
#.J. #......<..
#.... #......###
#..8#8 #......#
##.#[#. #......#
#.8# ..........# #..
..#......# #......#


You could see Natasha and an endoplasm.

Vanquished Creatures
  A dart slug (D:1)
  2 giant cockroaches (D:1)
  A goblin (D:1)
  5 hobgoblins (D:1)
  5 jackals (D:1)
  A ball python (D:2)
  3 bats
  A frilled lizard (D:1)
  A kobold (D:2)
  A rat (D:1)
21 creatures vanquished.

Notes
Turn   | Place    | Note
-------+----------+-------------------------------------------
     0 | D:1      | xian the Draconian Enchanter began the quest for the Orb.
     0 | D:1      | Reached XP level 1. HP: 14/14 MP: 3/3
   305 | D:1      | Reached XP level 2. HP: 20/20 MP: 5/5
   578 | D:1      | Found a faded altar of an unknown god.
  1008 | D:1      | Learned a level 2 spell: Ensorcelled Hibernation
  1059 | D:2      | Noticed Natasha
  1069 | D:2      | Slain by Natasha

Illustrated notes

Levels and vault maps discovered:
D:1:      onia_arrival_mini_maze_b, layout_basic, ebering_ecumenical_altar_rust
D:2:      layout_basic, basic_altar, minmay_statues_item,
          minmay_misc_feat_columns, uniq_natasha

Skill      XL: |  1  2 |
---------------+-------+-----
Stealth        | 3 |  3.3
Dodging        | 2 |  2.1
Hexes          | 3 |  3.0
Short Blades   | |  1.2
Spellcasting   | |  2.0

Action                   || total
-------------------------++-------
Melee: Dagger            ||    99
       Tailslap          ||    12
  Use: Scroll            ||     1
 Stab: Sleeping          ||     1
Armor: Skin              ||    52
Dodge: Dodged            ||    87

Table legend: (Time is in decaauts)
 A = Elapsed time spent in this place.
 B = Non-inter-level travel time spent in this place.
 C = Inter-level travel time spent in this place.
 D = Time resting spent in this place.
 E = Time spent auto-exploring this place.
 F = Levels seen in this place.
 G = Mean time per level.
                   A        B        C        D        E       F      G
               +--------+--------+--------+--------+--------+-----+--------+
         Total |   1064 |   1052 |     12 |      0 |    766 |   2 |  532.0 |
       Dungeon |   1064 |   1052 |     12 |      0 |    766 |   2 |  532.0 |
               +--------+--------+--------+--------+--------+-----+--------+

Top non-repeatable levels by time:
     D:1: 1017 daAuts
     D:2: 47 daAuts
